 Dungeon Crawl Stone Soup version 0.30.1-11-g7821555f0a (webtiles) character file.

Game seed: 1378678801684363679

669 NotreDorf the Ducker (level 7, -2/51 HPs)
             Began as a Merfolk Venom Mage on Nov 4, 2023.
             Slain by Grinder (6 damage)
             ... on level 6 of the Dungeon.
             The game lasted 00:26:53 (6109 turns).

NotreDorf the Ducker (Merfolk Venom Mage)           Turns: 6109, Time: 00:26:54

Health: -2/51      AC:  3    Str:  8    XL:     7   Next: 58%
Magic:  12/12      EV: 15    Int: 16    God:
Gold:   289        SH:  5    Dex: 21    Spells: 3/13 levels left

rFire   . . .        w - +1 trident
rCold   . . .        (no shield)
rNeg    . . .        a - +0 robe
rPois   .            (no helmet)
rElec   .            (no cloak)
rCorr   .            (no gloves)
SInv    .            j - +0 pair of boots
Will    .....        c - amulet of reflection
Stlth   +++          A - +6 ring of dexterity
HPRegen 0.28/turn    (no ring)
MPRegen 0.13/turn

%: reflection
@: no status effects
A: (nimble swimmer 2), mertail
a: no special abilities


You were on level 6 of the Dungeon.
You visited 1 branch of the dungeon, and saw 6 of its levels.

You collected 328 gold pieces.
You spent 39 gold pieces at shops.

Inventory:

Hand Weapons
 w - a +1 trident (weapon)
 F - a +0 halberd
Armour
 a - a +0 robe (worn)
 j - a +0 pair of boots (worn)
 v - a +0 buckler
Jewellery
 c - an amulet of reflection (around neck)
 z - a ring of protection from cold
 A - a +6 ring of dexterity (left hand)
Wands
 E - a wand of flame (20)
Scrolls
 d - a scroll of amnesia {unknown}
 f - 2 scrolls of torment {unknown}
 g - a scroll of brand weapon {unknown}
 i - a scroll of immolation {unknown}
 l - a scroll of acquirement {unknown}
 m - 3 scrolls of vulnerability
 p - 3 scrolls of enchant weapon
 r - a scroll of poison {unknown}
 s - a scroll of identify {unknown}
 t - 3 scrolls of teleportation
 C - a scroll of noise {unknown}
 D - a scroll of magic mapping {unknown}
Potions
 b - a potion of magic
 e - 3 potions of mutation {unknown}
 h - a potion of ambrosia {unknown}
 k - 3 potions of lignification {unknown}
 o - a potion of curing
 u - 2 potions of heal wounds {unknown}
 x - a potion of resistance {unknown}
 B - 2 potions of attraction {unknown}


   Skills:
 + Level 2.7 Fighting
 + Level 3.3 Polearms
 + Level 5.3 Dodging
 + Level 3.2 Stealth
 + Level 3.6 Spellcasting
 + Level 1.9 Conjurations
 - Level 1.3 Transmutations
 - Level 0.3 Air Magic
 + Level 5.0 Poison Magic


You had 3 spell levels left.
You knew the following spells:

 Your Spells              Type           Power      Damage    Failure   Level
a - Sting                 Tmut/Pois      52%        1d5       4%          1
b - Poisonous Vapours     Pois/Air       22%        N/A       9%          2
c - Mephitic Cloud        Conj/Pois/Air  10%        N/A       21%         3
d - Olgreb's Toxic Radia  Pois           18%        N/A       22%         4

Your spell library contained the following spells:

 Spells                   Type           Power      Damage    Failure   Level
 Beastly Appendage        Tmut           14%        N/A       10%         1
 Spider Form              Tmut/Pois      13%        N/A       14%         3
 Wereblood                Tmut           7%         N/A       16%         2
 Vhi's Electric Charge    Tloc/Air       6%         N/A       45%         3
 Ozocubu's Armour         Ice            2%         N/A       47%         3
 Arcjolt                  Conj/Air       3%         1d13      97%         5
 Borgnjor's Vile Clutch   Necr/Erth      1%         N/A       99%         5
 Metabolic Englaciation   Hex/Ice        1%         N/A       99%         5
 Simulacrum               Ice/Necr       1%         N/A       100%        6
 Ozocubu's Refrigeration  Ice            1%         4d7       100%        7
 Storm Form               Tmut/Air       2%         N/A       100%        7
 Lehudib's Crystal Spear  Conj/Erth      3%         10d2      100%        8
 Maxwell's Capacitive Co  Air            1%         ∞         100%        8


Dungeon Overview and Level Annotations

Branches:
Dungeon (6/15)
 Temple: D:4-7

Altars:
Ashenzari
Cheibriados
Hepliaklqana
Makhleb
Xom
Zin
The Shining One

Shops:
D:1 !

Annotations:
D:6 1 transporter, Grinder; Kranky's ghost, amateur MiFi


Innate Abilities, Weirdness & Mutations

((You are very nimble when in or above water. (Stealth+, EV+, Speed+++)))
Your lower body shifts to a powerful aquatic tail in water.


Message History

Grinder is moderately wounded.
Grinder hits you. Grinder gestures at you. You resist with significant effort.
You hit Grinder.
Grinder is moderately wounded.
Grinder hits you!
You barely miss Grinder.
Grinder is moderately wounded.
Grinder gestures at you.
You struggle to resist.
You completely miss Grinder.
Grinder is moderately wounded.
Grinder hits you.
You writhe in agony.
You hit Grinder.
Grinder is heavily wounded.
Grinder gestures at you. Pain shoots through your body!
You hit Grinder.
Grinder is heavily wounded.
You block Grinder's attack.
You barely miss Grinder.
Grinder is heavily wounded.
Grinder gestures at you.
You suddenly lose the ability to move!
Grinder hits you!
You writhe in agony.
Grinder hits you.
* * * LOW HITPOINT WARNING * * *
You writhe in agony.
* * * LOW HITPOINT WARNING * * *
You can move again.
Aiming: Throw Flame
Press: ? - help, Shift-Dir - straight line, f/p - Grinder
Aim: Grinder (heavily wounded, 64% to hit)
The puff of flame hits Grinder but does no damage.
Grinder is heavily wounded.
Grinder hits you!
* * * LOW HITPOINT WARNING * * *
You writhe in agony.
You die...

#### ...# ######
...# #....# ...##
#.##.#######....#
#..#......@5..####
##.#########..#W...
#...# ##.....#O#..
###.# #......#O.#
#.# #......#..#
####.# #.<)..©#$#..
#....#####)...#O...
#....'.......©#O#.
#....#####)...#..#


You could see a two-headed ogre, Grinder, an ogre and Kranky's ghost.

Vanquished Creatures
  A centaur (D:6)
  An ogre (D:5)
  4 hounds
  An orc priest (D:5)
  3 iguanas (D:5)
  2 orc wizards
  7 gnolls
  6 adders
  An ufetubus (D:5)
  2 worms
  3 dart slugs
  7 orcs
  8 ball pythons
  8 endoplasms
  4 giant cockroaches
  11 goblins
  7 hobgoblins
  2 jackals (D:4)
  10 kobolds
  3 quokkas
  7 bats
  A frilled lizard (D:1)
  5 rats
104 creatures vanquished.

Notes
Turn   | Place    | Note
-------+----------+-------------------------------------------
     0 | D:1      | NotreDorf the Merfolk Venom Mage began the quest for the
                  | Orb.
     0 | D:1      | Reached XP level 1. HP: 13/13 MP: 3/3
   243 | D:1      | Reached XP level 2. HP: 19/19 MP: 0/5
   681 | D:1      | Reached XP level 3. HP: 13/24 MP: 0/6
   684 | D:1      | Learned a level 2 spell: Poisonous Vapours
   688 | D:1      | Learned a level 3 spell: Mephitic Cloud
  1164 | D:1      | Found Naops's Distillery.
  1169 | D:1      | Bought a potion of curing for 39 gold pieces
  1510 | D:2      | Reached XP level 4. HP: 30/30 MP: 3/7
  2851 | D:3      | Reached skill level 1 in Polearms
  2893 | D:3      | Reached XP level 5. HP: 36/36 MP: 4/9
  2970 | D:3      | Reached skill level 1 in Fighting
  3118 | D:3      | You fall into a shaft and drop 1 floor!
  3128 | D:3      | Found a shimmering altar of Xom.
  3129 | D:3      | Found a hazy altar of Hepliaklqana.
  3130 | D:3      | Noticed a spectral ugly thing
  3257 | D:3      | Found a glowing golden altar of the Shining One.
  3884 | D:4      | Reached XP level 6. HP: 38/43 MP: 5/10
  3975 | D:4      | Reached skill level 1 in Conjurations
  4152 | D:4      | Found a broken altar of Ashenzari.
  4153 | D:4      | Found a glowing silver altar of Zin.
  4204 | D:4      | Found a burning altar of Makhleb.
  4207 | D:4      | Found a snail-covered altar of Cheibriados.
  4409 | D:4      | Learned a level 4 spell: Olgreb's Toxic Radiance
  4443 | D:5      | Entered Level 5 of the Dungeon
  4621 | D:5      | Noticed a water moccasin
  4729 | D:5      | Got Quvaxoc's Volume of Shapeshifting and the Mesa
  5038 | D:5      | Reached skill level 5 in Dodging
  5038 | D:5      | Reached XP level 7. HP: 50/50 MP: 7/12
  5937 | D:6      | Noticed Kranky's ghost (amateur MiFi)
  5937 | D:6      | Found a transporter.
  5944 | D:6      | Identified the +5 dire flail "Rogh" {heavy, rCorr Int+2
                  | Dex+3}
  5944 | D:6      | Identified the +1 giant spiked club "Sueniygh" {flame, rF-
                  | Int+5}
  5944 | D:6      | Noticed a two-headed ogre
  5973 | D:6      | Reached skill level 5 in Poison Magic
  6092 | D:6      | Noticed Grinder
  6106 | D:6      | Paralysed by Grinder for 3 turns
  6109 | D:6      | Slain by Grinder

Illustrated notes

Levels and vault maps discovered:
D:1:      erik_arrival_blinker_ship, layout_basic, serial_shops, shop
D:2:      layout_loops_corners, nicolae_grassy_gnolls
D:3:      layout_loops_ring, regret_index_temple_of_mockery,
          mainiacjoe_overflow_alcove_1
D:4:      layout_cave_pools, nicolae_overflow_hidden_temple
D:5:      layout_basic, grunt_ministairs_11
D:6:      minmay_cornered_nines, layout_basic, mainiacjoe_overflow_divided_tiny,
          gammafunk_ghost_smash, uniq_grinder

Skill      XL: |  1  2  3  4  5  6  7 |
---------------+----------------------+-----
Dodging        | 3 4 5 |  5.3
Stealth        | 3 |  3.2
Poison Magic   | 4 5 |  5.0
Polearms       | 1 2 3 |  3.3
Fighting       | 1 2 |  2.7
Spellcasting   | 3 |  3.6
Conjurations   | 1 |  1.9
Transmutations | |  1.3
Air Magic      | |  0.3

Action                     |  1- 3 |  4- 6 |  7- 9 || total
---------------------------+-------+-------+-------++-------
  Melee: Unarmed           |    19 |       |       ||    19
         Club              |    20 |       |       ||    20
         Punch             |     2 |     1 |       ||     3
         Spear             |       |   177 |       ||   177
         Trident           |       |    25 |    45 ||    70
   Cast: Sting             |    35 |     1 |       ||    36
         Poisonous Vapours |     6 |    57 |    16 ||    79
         Mephitic Cloud    |       |     1 |     1 ||     2
  Evoke: Wand              |       |       |     3 ||     3
    Use: Potion            |       |     1 |     2 ||     3
         Scroll            |       |       |     3 ||     3
   Stab: Sleeping          |     1 |     4 |       ||     5
 Armour: Robe              |     7 |    30 |     2 ||    39
  Dodge: Dodged            |    24 |   103 |    30 ||   157
  Block: Other             |       |    20 |     6 ||    26
         Reflection        |       |       |     1 ||     1
